 Dungeon Crawl Stone Soup version 0.19.5 (webtiles) character file.

37 JeffiDaFish the Stinger (level 3, -1/19 HPs)
             Began as a Gargoyle Venom Mage on Mar 15, 2017.
             Slain by a kobold
             ... wielding a +0 short sword
              (2 damage)
             ... on level 2 of the Dungeon.
             The game lasted 00:04:39 (1526 turns).

JeffiDaFish the Stinger (Gargoyle Venom Mage)       Turns: 1526, Time: 00:04:39

Health: -1/19      AC:  7    Str: 14    XL:     3   Next: 41%
Magic:  1/6        EV: 11    Int: 15    God:
Gold:   53         SH:  0    Dex: 11    Spells: 1 memorised, 5 levels left

rFire  . . .     SeeInvis .     l - +0 spear
rCold  . . .     Gourm    .     k - +0 leather armour
rNeg   + . .     Faith    .     (no shield)
rPois  ∞         Spirit   .     j - +0 helmet
rElec  +         Reflect  .     (no cloak)
rCorr  .         Harm     .     (no gloves)
MR     .....                    (no boots)
Stlth  ++........               (no amulet)
                                (no ring)
                                h - +3 ring of strength

@: very slightly contaminated
A: negative energy resistance 1, electricity resistance, unbreathing,
petrification resistance, rot immunity, AC +3
a: no special abilities


You were on level 2 of the Dungeon.
You were hungry.

You visited 1 branch of the dungeon, and saw 2 of its levels.

You collected 53 gold pieces.

Inventory:

Hand Weapons
 d - a +0 whip
 l - a +0 spear (weapon)
Armour
 a - a +0 robe
 j - a +0 helmet (worn)
 k - a +0 leather armour (worn)
Jewellery
 h - a +3 ring of strength (left hand)
Scrolls
 e - a scroll of identify
 f - 2 scrolls of magic mapping
 i - a scroll of fog
Books
 b - a Young Poisoner's Handbook

   Spells                             Type                      Level
   a - Sting                          Conjuration/Poison           1
   b - Mephitic Cloud                 Conjuration/Poison/Air       3
   c - Olgreb's Toxic Radiance        Poison                       4
   d - Alistair's Intoxication        Transmutation/Poison         5
   e - Venom Bolt                     Conjuration/Poison           5
Comestibles
 c - a bread ration
 g - a meat ration


   Skills:
 + Level 0.2 Fighting
 + Level 0.2 Maces & Flails
 + Level 1.7 Dodging
 + Level 2.4 Stealth
 + Level 2.1 Spellcasting
 + Level 0.4 Conjurations
 + Level 4.7 Poison Magic


You had 5 spell levels left.
You knew the following spells:

 Your Spells              Type           Power        Failure   Level  Hunger
a - Sting                 Conj/Pois      #...         12%         1    #......


Dungeon Overview and Level Annotations

Branches:
Dungeon (2/15)

Altars:


Innate Abilities, Weirdness & Mutations

You are resistant to torment.
Your stone body is resilient. (AC +3)
You are immune to poison.
You resist negative energy. (rN+)
You are resistant to electric shocks. (rElec)
You can survive without breathing.
You are immune to petrification.
You are immune to rotting.


Message History

The sting hits the leopard gecko.
The leopard gecko is poisoned.
The leopard gecko is heavily wounded.
The leopard gecko barely misses you. The hobgoblin hits you.
* * * LOW HITPOINT WARNING * * *
The leopard gecko misses you.
You closely miss the leopard gecko.
The leopard gecko is almost dead.
The hobgoblin closely misses you.
The leopard gecko completely misses you.
You completely miss the leopard gecko.
The leopard gecko is almost dead.
The leopard gecko closely misses you. The hobgoblin hits you.
* * * LOW HITPOINT WARNING * * *
You barely miss the leopard gecko.
The leopard gecko is almost dead.
You kill the leopard gecko!
The hobgoblin hits you but does no damage.
The kobold throws a stone.
The stone misses you. The kobold hits you with a short sword.
You die...

#.# #.....#
#.# ....#
#.##### ..#
#.....#.#
..#
#...#.#.#
.>#
####....
#.# #.#
......###.#
#.# #. .S..
... #.#
#.##.# ###
#.. #K@g(#
### #.####
#. #. #. #.
#. ##


You could see a hobgoblin and a kobold.

Vanquished Creatures
  An adder (D:2)
  A dart slug (D:1)
  2 worms (D:2)
  2 leopard geckos
  A ball python (D:1)
  2 bats (D:1)
  A giant cockroach (D:2)
  2 goblins (D:1)
  3 frilled lizards (D:1)
  2 kobolds (D:1)
  5 rats (D:1)
22 creatures vanquished.

Notes
Turn   | Place    | Note
-------+----------+-------------------------------------------
     0 | D:1      | JeffiDaFish the Gargoyle Venom Mage began the quest for the Orb.
     0 | D:1      | Reached XP level 1. HP: 10/10 MP: 3/3
   466 | D:1      | Reached XP level 2. HP: 15/15 MP: 1/5
  1484 | D:2      | Reached XP level 3. HP: 18/19 MP: 3/6
  1526 | D:2      | Slain by a kobold

Action                   || total
-------------------------++-------
Melee: Whip              ||    24
       Spear             ||    30
 Cast: Sting             ||    37
  Use: Scroll            ||     4
       Potion            ||     1
  Eat: Chunk             ||     2
Armor: Robe              ||    11
       Leather armour    ||    25
Dodge: Dodged            ||    41
